 Dungeon Crawl Stone Soup version 0.20-a0-1127-g1289703 (webtiles) character file.

256608 Leszczynek the Black Belt (level 19, -17/140 HPs)
             Began as an Octopode Wanderer on May 17, 2017.
             Was the Champion of Cheibriados.
             Demolished by a death knight
             ... wielding a +4 glaive
              (26 damage)
             ... while paralysed by a great orb of eyes
             ... on level 1 of the Vaults on May 18, 2017.
             The game lasted 03:42:16 (27775 turns).

Leszczynek the Black Belt (Octopode Wanderer)      Turns: 27775, Time: 03:42:18

Health: -17/140    AC: 17    Str: 26    XL:     19   Next: 81%
Magic:  29/37      EV:  2    Int: 34    God:    Cheibriados [******]
Gold:   564        SH:  0    Dex: 34    Spells: 4/30 levels left

rFire    . . .     SeeInvis +     - Unarmed
rCold    . . .     Gourm    .   M - +4 shield {reflect}
rNeg     + . .     Faith    .   D - +2 hat
rPois    +         Spirit   .   P - +5 amulet of reflection
rElec    .         Reflect  +   s - +3 ring of protection
rCorr    .         Harm     .   g - ring of poison resistance
MR       +....                  y - ring of see invisible
Stlth    +++++.....             H - ring of wizardry
Regen    0.4/turn               W - +4 ring of dexterity
MPRegen  0.3/turn               q - ring of magical power
                                v - ring of positive energy
                                (no ring)

@: paralysed, icy armour, silence, very slightly contaminated, studying
Evocations, invisible (expiring), deflect missiles, very slow
A: almost no armour, stealthy swim, amphibious, 8 rings, constrict 8, iridescent
scales 1, camouflage 1, robust 1, gelatinous body 1
}: 2/15 runes: serpentine, barnacled
a: Renounce Religion


You were on level 1 of the Vaults.
You worshipped Cheibriados.
Cheibriados was exalted by your worship.
You were very full.

You visited 6 branches of the dungeon, and saw 32 of its levels.
You also visited: Ossuary and Ice Cave.

You collected 3096 gold pieces.
You spent 2532 gold pieces at shops.

Inventory:

Hand Weapons
 c - a +3 blowgun
Missiles
 a - 89 javelins (quivered)
 j - 9 javelins of penetration
 N - 6 curare-tipped needles
 S - 3 throwing nets
Armour
 D - a +2 hat (worn)
 M - a +4 shield of reflection (worn)
Jewellery
 g - a ring of poison resistance (right tentacle)
 q - a ring of magical power (on tentacle)
 s - a +3 ring of protection (left tentacle)
 v - a ring of positive energy (on tentacle)
 y - a ring of see invisible (on tentacle)
 B - an uncursed ring of ice
 H - a ring of wizardry (on tentacle)
 P - a +5 amulet of reflection (around mantle)
 W - a +4 ring of dexterity (on tentacle)
Wands
 i - a wand of scattershot (3/9)
 l - a wand of clouds (3/9)
 u - a wand of iceblast (5/15)
 A - a wand of disintegration (13/24)
 E - a wand of paralysis (11/24)
 F - a wand of digging (8/24)
 T - a wand of lightning (8/15)
 U - a wand of lightning (6/15)
 V - a wand of iceblast (7/15)
 X - a wand of confusion (15/48)
 Y - a wand of acid (3/15)
Scrolls
 h - 11 scrolls of remove curse {@r2}
 m - 6 scrolls of magic mapping
 p - 6 scrolls of teleportation
 x - 4 scrolls of fear
 z - 4 scrolls of blinking
 K - a scroll of holy word {!r}
 Q - 3 scrolls of fog
 Z - 2 scrolls of identify {@r1}
Potions
 e - a potion of resistance
 f - a potion of lignification {!q}
 k - 2 potions of agility
 o - 13 potions of curing {@q1}
 w - a potion of mutation {!q}
 G - a potion of cancellation
 I - 2 potions of magic
 J - 2 potions of flight
 O - a potion of might
Books
 b - a manual of Evocations
Miscellaneous
 n - 2 phantom mirrors
 C - a lightning rod (4/4)
 L - 4 boxes of beasts
 R - a lamp of fire
Comestibles
 d - 14 bread rations
 r - 16 meat rations
 t - 20 fruits


   Skills:
 - Level 11.0 Fighting
   Level 2.0 Bows
 * Level 11.4 Dodging
 - Level 8.0 Stealth
 - Level 15.0 Shields
 - Level 15.3 Unarmed Combat
 + Level 6.0 Spellcasting
 - Level 9.0 Hexes
 - Level 8.8 Charms
   Level 4.0 Summonings
   Level 3.0 Necromancy
 - Level 4.6 Translocations
 - Level 3.0 Transmutations
 - Level 4.6 Ice Magic
 - Level 9.0 Air Magic
 - Level 3.0 Earth Magic
 - Level 11.0 Invocations
 + Level 10.5 Evocations


You had 4 spell levels left.
You knew the following spells:

 Your Spells              Type           Power        Failure   Level  Hunger
a - Passwall              Tmut/Erth      ####......   1%          2    None
b - Lesser Beckoning      Tloc           #####.....   1%          3    None
c - Ozocubu's Armour      Chrm/Ice       ######..     1%          3    None
d - Silence               Hex/Air        ######....   1%          5    ####...
e - Invisibility          Hex            ######..     6%          6    ######.
f - Deflect Missiles      Chrm/Air       ######....   6%          6    ######.
A - Apportation           Tloc           #####.       1%          1    None


Dungeon Overview and Level Annotations

Branches:
Dungeon (15/15)              Lair (6/6) D:11         Shoals (4/4) Lair:4
  Snake (4/4) Lair:4        Slime (0/5) Lair:5          Orc (2/2) D:10
    Elf (0/3) Orc:2        Vaults (1/5) D:14         Depths (0/5) D:15
 Temple: D:4-7

Altars:
Ashenzari
Cheibriados
Fedhas
Gozag
Hepliaklqana
Makhleb
Nemelex Xobeh
Okawaru
Qazlal
Ru
Trog
Uskayaw
Wu Jian
Yredelemnul

Shops:
Orc:2 ([*(   Snake:1 %}}   Vaults:1 (

Portals:
Trove: D:13 (show slimy rune of Zot)

Annotations:
D:7 1 runed door
D:8 2ho
D:10 anfisbena's ghost, journeyman MiFi
D:13 trove
D:15 exclusion: rakshasa
Lair:1 8h(s), exclusion: hydra
Lair:2 exclusion: molten gargoyle
Lair:4 evo manual behind orange statue (digging), exclusion: orange crystal statue
Shoals:2 unexplored vault, exclusion: upstairs
Snake:2 exclusion: naga sharpshooter
Snake:3 exclusions: naga mage and shock serpent
Orc:2 Donald


Innate Abilities, Weirdness & Mutations

You cannot wear most types of armour.
You are very stealthy in the water. (Stealth+)
You are amphibious.
You can wear up to eight rings at the same time.
You can use your tentacles to constrict eight enemies at once.
Your skin changes colour to match your surroundings (Stealth+).
Your rubbery body absorbs attacks. (AC +1, EV +1)
You are partially covered in iridescent scales. (AC +2)
You are robust. (+10% HP)


Message History

The great orb of eyes changes into a wolf spider!
The centaur warrior shoots an arrow.
The arrow hits the wolf spider!
The death knight hits you with an enchanted glaive.
The orc knight hits you with a battleaxe.
The centaur warrior shoots an arrow.
The arrow hits the wolf spider!!
The centaur warrior shoots an arrow.
The arrow hits the wolf spider!
The wolf spider dies!
The death knight hits you with an enchanted glaive!!
The orc knight hits you with a battleaxe!
The centaur warrior shoots an arrow.
The arrow hits you!
The centaur warrior shoots an arrow.
The arrow hits you!
The death knight hits you with an enchanted glaive!!
* * * LOW HITPOINT WARNING * * *
The orc knight hits you with a battleaxe!
* * * LOW HITPOINT WARNING * * *
The centaur warrior unwields an uncursed shortbow.
The centaur warrior hits you!
* * * LOW HITPOINT WARNING * * *
The death knight hits you with an enchanted glaive!!
You die...

...............
.............#
#...........#
#...........#
#...........#
#...........#
#...........#
#.....)o....#
#.####@###..# +
#..pc((#..#
#...∩..#..#
#..(...#..#
#......#..#
#......#..#
..########..#
............#
............#


You could see a death knight, an orc knight and a centaur warrior.

Vanquished Creatures
  Vashnia (Snake:2)
  Rupert (D:14)
  The ghost of nht the Brawler, an adept TrFi of Ru (Snake:1)
  Agnes (D:15)
  Ilsuiw (Shoals:4)
  8 nagarajas (Snake:4)
  A tengu reaver (Vaults:1)
  Louise (Snake:4)
  An ironheart preserver (Vaults:1)
  Azrael (D:13)
  The ghost of Potsanchik the Severer, a journeyman NaBe of Trog (Lair:2)
  3 merfolk javelineers
  9 merfolk impalers
  A great orb of eyes (Vaults:1)
  A fire dragon (Vaults:1)
  A rakshasa (Vaults:1)
  The ghost of Agrougrou the Cleaver, a journeyman GrFi of Okawaru (D:12)
  3 hydras
  19 naga warriors
  3 merfolk avatars
  Erica (D:10)
  5 centaur warriors
  21 anacondas
  11 merfolk aquamancers
  3 death yaks (Lair:6)
  2 ogre magi (Orc:2)
  17 two-headed ogres
  An orc high priest (Orc:2)
  13 naga sharpshooters
  Sonja (Lair:3)
  Urug (D:12)
  A deep elf knight (Vaults:1)
  A storm dragon zombie (D:15)
  11 shock serpents
  A fire crab (Shoals:3)
  8 salamander mystics
  A skeletal warrior (D:15)
  A spark wasp zombie (D:15)
  12 sea snakes
  3 unseen horrors
  9 naga ritualists
  7 deep trolls
  4 lindwurms (Snake:4)
  A phantasmal warrior (D:15)
  A wizard (D:14)
  An ironbrand convoker (Vaults:1)
  10 deep elf magi (Orc:1)
  A necromancer (D:15)
  5 harpies
  The ghost of Lochraine the Shield-Bearer, a novice VSFi (D:6)
  4 orc knights
  5 manticores
  A wolf spider zombie (D:14)
  Pikel (D:9)
  5 ugly things
  4 fauns (Shoals:2)
  21 mana vipers
  5 cyclopes
  2 orc sorcerers
  12 salamanders
  41 black mambas
  5 water nymphs
  7 merfolk sirens
  Joseph (D:10)
  A vault sentinel (Vaults:1)
  22 naga magi
  A torpor snail (Lair:4)
  10 spiny frogs
  3 elephants
  12 guardian serpents
  3 gargoyles
  A yaktaur zombie (D:15)
  4 komodo dragons
  2 kobold demonologists
  4 rime drakes
  A tengu conjurer (D:15)
  28 merfolk
  8 trolls
  A guardian mummy (D:15)
  2 polar bears (shapeshifter)
  7 wind drakes
  7 polar bears (Lair:6)
  20 slime creatures
  3 snapping turtles
  10 blink frogs
  4 hornets (Lair:6)
  6 dream sheep
  14 hippogriffs
  9 water elementals
  3 wraiths
  5 wyverns
  55 yaks
  4 hogs (D:7)
  Grum (D:10)
  12 spriggans (Lair:6)
  2 fire bats (Shoals:3)
  17 humans
  2 basilisks
  4 fire elementals (D:13)
  3 vampire mosquitoes (D:14)
  5 hungry ghosts
  6 wargs
  A redback simulacrum (D:14)
  2 steam dragons
  38 nagas
  2 acid dragons
  A soldier ant (D:12)
  5 hell hounds
  4 porcupines
  A human skeleton (D:15)
  9 water moccasins
  A hornet zombie (D:10)
  23 ogres
  22 orc warriors
  2 ice beasts
  6 sky beasts
  2 slaves (D:9)
  4 black bears
  5 boggarts
  23 wolves
  2 phantoms (D:10)
  A necrophage (D:11)
  14 crocodiles
  15 centaurs
  2 big kobolds
  13 bullfrogs
  A wyvern skeleton (D:6)
  6 scorpions
  2 vampire bats (D:5)
  18 killer bees
  8 wights
  A howler monkey (D:6)
  7 crimson imps
  2 centaur zombies
  2 quasits
  A bullfrog zombie (D:12)
  8 jellies
  3 centaur skeletons
  2 bullfrog skeletons
  19 orc priests
  3 hounds
  A gnoll shaman (D:5)
  5 iguanas
  25 orc wizards
  11 worker ants
  5 ogre zombies (D:10)
  3 mummies (Ossuary)
  4 gnolls (D:5)
  10 adders
  3 shadow imps
  3 adder zombies
  3 worms
  3 dart slugs
  2 leopard geckos
  79 orcs
  A ball python (D:2)
  11 bats
  3 giant cockroaches
  10 goblins
  5 hobgoblins
  10 jackals
  12 kobolds
  2 quokkas (D:9)
  4 frilled lizards
  A gnoll zombie (Ossuary)
  3 goblin zombies
  2 hobgoblin skeletons (D:10)
  3 hobgoblin zombies
  2 kobold zombies (Ossuary)
  3 orc skeletons (D:10)
  9 orc zombies
  A quokka skeleton (D:5)
  10 rats
  3 plants
1163 creatures vanquished.

Vanquished Creatures (collateral kills)
  A two-headed ogre (Orc:2)
  A naga ritualist (Snake:3)
  A black mamba (Snake:1)
  3 ogres (Orc:2)
6 creatures vanquished.

Vanquished Creatures (others)
  3 merfolk javelineers
  4 naga sharpshooters
  A faun (Shoals:3)
  A wolf spider (shapeshifter) (Vaults:1)
  A cyclops (Shoals:2)
  2 yaktaurs (Vaults:1)
  A slime creature (D:13)
  A shadow (D:15)
  2 slaves
  A crimson imp (D:9)
  An ogre zombie (D:10)
  A kobold (D:9)
  A hobgoblin zombie (D:10)
  An orc zombie (D:10)
  13 fungi
  12 plants
46 creatures vanquished.

Grand Total: 1215 creatures vanquished

Notes
Turn   | Place    | Note
-------+----------+-------------------------------------------
     0 | D:1      | Leszczynek the Octopode Wanderer began the quest for the Orb.
     0 | D:1      | Leszczynek set off with: a +2 shortbow, 23 arrows, Getuw's Incunabulum of Ignition, a bread ration, a potion of lignification {!q}
     0 | D:1      | Reached XP level 1. HP: 13/13 MP: 1/1
     0 | D:1      | playing octopodes over and over again is training for tournament
     0 | D:1      | really, really, not lying here at all, nope sir
     0 | D:1      | it prepares me mentally
     0 | D:1      | for sure
     0 | D:1      | anyway
     0 | D:1      | 9/14/13 (2/4/6)
     0 | D:1      | bow start...?
     0 | D:1      | wew
     0 | D:1      | Identified Getuw's Incunabulum of Ignition
     0 | D:1      | and some god awful randart book
     0 | D:1      | with completely wrong schools trained
    12 | D:1      | maybe i shouldn't train uc on this for once
    12 | D:1      | but then i'm just left with some shit 1 ac
    12 | D:1      | what to do what to do
    80 | D:1      | Reached skill level 1 in Unarmed Combat
   122 | D:1      | Reached XP level 2. HP: 16/18 MP: 2/2
   264 | D:1      | Reached skill level 2 in Unarmed Combat
   584 | D:2      | Reached XP level 3. HP: 20/23 MP: 3/3
   675 | D:2      | Reached skill level 3 in Unarmed Combat
   707 | D:2      | Found a snail-covered altar of Cheibriados.
   708 | D:2      | Found a shattered altar of Ashenzari.
   710 | D:2      | hello there
   715 | D:2      | Became a worshipper of Cheibriados the Contemplative
   722 | D:2      | bad ideas 101
   732 | D:2      | Found a stormy altar of Qazlal.
   767 | D:2      | Found a sacrificial altar of Ru.
  1003 | D:2      | Reached XP level 4. HP: 28/28 MP: 4/4
  1091 | D:3      | Found a basalt altar of Yredelemnul.
  1240 | D:3      | time to die
  1252 | D:3      | Reached skill level 3 in Stealth
  1492 | D:3      | Reached * piety under Cheibriados
  1504 | D:3      | Reached XP level 5. HP: 14/33 MP: 5/5
  1505 | D:3      | Reached skill level 4 in Unarmed Combat
  1691 | D:4      | Reached skill level 1 in Invocations
  1999 | D:4      | Found an opulent altar of Gozag.
  2000 | D:4      | Found a sparkling altar of Nemelex Xobeh.
  2244 | D:5      | Entered Level 5 of the Dungeon
  2286 | D:5      | Reached skill level 5 in Unarmed Combat
  2286 | D:5      | Reached XP level 6. HP: 32/38 MP: 7/7
  2346 | D:5      | Reached ** piety under Cheibriados
  2436 | D:5      | Reached skill level 6 in Unarmed Combat
  2547 | D:5      | Found a sand-covered staircase.
  2556 | Ossuary  | Entered an ossuary
  2561 | Ossuary  | i think i got this layout third time in a row
  2597 | Ossuary  | Reached XP level 7. HP: 40/43 MP: 8/8
  2822 | D:5      | Reached skill level 7 in Unarmed Combat
  3246 | D:5      | Reached skill level 1 in Dodging
  3320 | D:4      | Found a hide-covered altar of Uskayaw.
  3529 | D:6      | Noticed Lochraine's ghost (novice VSFi)
  3541 | D:6      | Killed Lochraine's ghost
  3541 | D:6      | Reached skill level 3 in Fighting
  3541 | D:6      | Reached skill level 2 in Dodging
  3541 | D:6      | Reached skill level 8 in Unarmed Combat
  3541 | D:6      | Reached XP level 8. HP: 32/52 MP: 2/9
  3667 | D:6      | Identified a scroll of acquirement
  3729 | D:6      | Reached *** piety under Cheibriados
  3729 | D:6      | Reached skill level 3 in Dodging
  3729 | D:6      | Reached skill level 2 in Invocations
  3838 | D:6      | Reached skill level 3 in Invocations
  3894 | D:6      | Found a burning altar of Makhleb.
  4093 | D:6      | Found a bloodstained altar of Trog.
  4097 | D:6      | Found an iron altar of Okawaru.
  4163 | D:6      | Reached skill level 4 in Fighting
  4163 | D:6      | Reached XP level 9. HP: 58/58 MP: 11/11
  4280 | D:7      | Reached skill level 4 in Invocations
  4299 | D:7      | Reached skill level 4 in Dodging
  4493 | D:7      | Reached skill level 1 in Shields
  4493 | D:7      | Reached skill level 2 in Evocations
  4671 | D:7      | Reached skill level 3 in Evocations
  4948 | D:7      | Found a runed door.
  4948 | D:7      | Noticed a sixfirhy
  4988 | D:7      | Reached skill level 2 in Shields
  5053 | D:7      | Reached skill level 5 in Fighting
  5053 | D:7      | Reached skill level 4 in Evocations
  5139 | D:7      | Reached skill level 3 in Shields
  5139 | D:7      | Reached skill level 9 in Unarmed Combat
  5168 | D:7      | Reached XP level 10. HP: 48/67 MP: 13/13
  5232 | D:7      | Found a blossoming altar of Fedhas.
  5237 | D:7      | Reached **** piety under Cheibriados
  5440 | D:8      | Found a hazy altar of Hepliaklqana.
  5557 | D:8      | Noticed a two-headed ogre
  5580 | D:8      | Reached skill level 4 in Shields
  5685 | D:8      | Found an ornate altar of the Wu Jian Council.
  5710 | D:8      | Reached skill level 6 in Fighting
  5935 | D:9      | Reached skill level 10 in Unarmed Combat
  6182 | D:9      | Reached ***** piety under Cheibriados
  6189 | D:9      | Learned a level 2 spell: Passwall
  6320 | D:9      | Reached skill level 5 in Shields
  6320 | D:9      | Reached skill level 5 in Invocations
  6343 | D:9      | Noticed Pikel
  6386 | D:9      | Killed Pikel
  6585 | D:8      | Reached skill level 6 in Invocations
  6607 | D:8      | Killed a two-headed ogre
  6607 | D:8      | Reached skill level 6 in Shields
  6749 | D:10     | Entered Level 10 of the Dungeon
  6749 | D:10     | Noticed Grum
  6777 | D:9      | Reached XP level 11. HP: 72/72 MP: 16/16
  6950 | D:10     | Found a staircase to the Orcish Mines.
  6985 | D:10     | Reached skill level 7 in Invocations
  7086 | D:10     | Killed Grum
  7135 | D:10     | Noticed a two-headed ogre
  7136 | D:10     | Killed a two-headed ogre
  7136 | D:10     | Reached skill level 7 in Shields
  7136 | D:10     | Reached skill level 11 in Unarmed Combat
  7201 | D:10     | Noticed Joseph
  7216 | D:10     | Killed Joseph
  7216 | D:10     | Reached skill level 5 in Dodging
  7249 | D:10     | Noticed anfisbena's ghost (journeyman MiFi)
  7254 | D:10     | mifi with elec weapon
  7254 | D:10     | how about no
  7276 | D:11     | Noticed a red ugly thing
  7277 | D:11     | nope
  7525 | D:11     | this will be annoying
  7543 | D:11     | Learned a level 3 spell: Lesser Beckoning
  7603 | D:11     | Noticed a brown ugly thing
  7612 | D:11     | Killed a brown ugly thing
  7614 | D:11     | Noticed a two-headed ogre
  7616 | D:11     | Reached skill level 1 in Translocations
  7618 | D:11     | Killed a two-headed ogre
  7618 | D:11     | Reached skill level 6 in Dodging
  7618 | D:11     | Reached skill level 5 in Evocations
  7623 | D:11     | Noticed a two-headed ogre
  7626 | D:11     | Killed a two-headed ogre
  7626 | D:11     | Reached skill level 2 in Translocations
  7681 | D:11     | Found a staircase to the Lair.
  7868 | D:11     | Reached skill level 7 in Fighting
  7876 | D:11     | Reached ****** piety under Cheibriados
  8061 | D:12     | Noticed Urug
  8067 | D:11     | Reached skill level 7 in Dodging
  8118 | D:12     | okay.jpg
  8142 | D:11     | Reached XP level 12. HP: 81/81 MP: 17/17
  8178 | D:11     | Reached skill level 3 in Translocations
  8190 | D:11     | Reached skill level 6 in Evocations
  8295 | D:12     | okay
  8300 | D:12     | Killed Urug
  8329 | D:12     | Reached skill level 4 in Translocations
  8338 | D:12     | Learned a level 1 spell: Apportation
  8363 | D:12     | as per usual if i play an unarmed octopode, i find a demon blade before lair branches
  8366 | D:12     | Noticed Agrougrou's ghost (journeyman GrFi)
  8377 | D:12     | time to look for an alternative way back up
  8447 | D:13     | Noticed a two-headed ogre
  8450 | D:13     | Killed a two-headed ogre
  8450 | D:13     | Reached skill level 7 in Evocations
  8547 | D:13     | Noticed a sun demon
  8647 | D:13     | i wonder if someone's inside
  8648 | D:13     | Found a portal to a secret trove of treasure.
  8649 | D:13     | no fun allowed
  8651 | D:13     | trove: slimy rune
  8651 | D:13     | which means free trove more or less
  8747 | D:12     | crap
  8747 | D:12     | AC+++++ +
  8750 | D:12     | nice vault
  8760 | D:12     | Gained mutation: You occasionally shout uncontrollably at your foes. [potion of mutation]
  8760 | D:12     | Gained mutation: Your spells are a little easier to cast, but a little less powerful. [potion of mutation]
  8760 | D:12     | Gained mutation: You passively map a small area around you. [potion of mutation]
  8770 | D:12     | Killed Agrougrou's ghost
  8770 | D:12     | Reached skill level 8 in Fighting
  8771 | D:12     | Lost mutation: Your spells are a little easier to cast, but a little less powerful. [potion of mutation]
  8771 | D:12     | Lost mutation: You occasionally shout uncontrollably at your foes. [potion of mutation]
  8771 | D:12     | Lost mutation: You passively map a small area around you. [potion of mutation]
  8771 | D:12     | Gained mutation: You are frail. (-10% HP) [potion of mutation]
  8771 | D:12     | Gained mutation: You are partially covered in iridescent scales. (AC +2) [potion of mutation]
  8771 | D:12     | Lost mutation: You are frail. (-10% HP) [potion of mutation]
  8771 | D:12     | Gained mutation: You are robust. (+10% HP) [potion of mutation]
  8784 | D:12     | wait wait
  8784 | D:12     | chei allows haste if ID'd?
  8784 | D:12     | as in allows the effect to work?
  8947 | D:12     | Reached skill level 8 in Evocations
  9207 | D:12     | Reached skill level 8 in Shields
  9401 | D:13     | Noticed a centaur warrior
  9426 | D:13     | Killed a centaur warrior
  9451 | D:13     | Noticed a two-headed ogre
  9455 | D:13     | Killed a two-headed ogre
  9458 | D:13     | Noticed Azrael
  9459 | D:13     | "oops"
  9619 | D:11     | Noticed a two-headed ogre
  9630 | D:11     | Killed a two-headed ogre
  9630 | D:11     | Reached skill level 9 in Fighting
  9630 | D:11     | Reached XP level 13. HP: 99/99 MP: 15/19
  9771 | Lair:1   | Entered Level 1 of the Lair of Beasts
  9861 | Lair:1   | Reached skill level 12 in Unarmed Combat
 10131 | Lair:1   | Reached skill level 9 in Shields
 10406 | Lair:2   | Noticed Potsanchik's ghost (journeyman NaBe)
 10434 | Lair:2   | Killed Potsanchik's ghost
 10543 | Lair:2   | Reached skill level 8 in Dodging
 10849 | Lair:3   | Found a frozen archway.
 10861 | IceCv    | Entered an ice cave
 10876 | Lair:3   | those hit too hard to try doing the cave without rC+
 10903 | Lair:3   | Noticed Sonja
 10912 | Lair:3   | Killed Sonja
 10912 | Lair:3   | Reached skill level 4 in Stealth
 10984 | Lair:3   | ...............
 11206 | Lair:4   | Found a staircase to the Snake Pit.
 11284 | Lair:4   | Found a staircase to the Shoals.
 11419 | Lair:4   | Reached skill level 10 in Fighting
 11478 | Lair:4   | Learned a level 3 spell: Ozocubu's Armour
 11595 | Lair:5   | Reached skill level 1 in Charms
 11595 | Lair:5   | Reached skill level 1 in Ice Magic
 11764 | Lair:5   | Reached skill level 2 in Charms
 11764 | Lair:5   | Reached skill level 2 in Ice Magic
 11803 | Lair:5   | Found a staircase to the Slime Pits.
 11865 | Lair:6   | Entered Level 6 of the Lair of Beasts
 11877 | Lair:6   | Reached skill level 3 in Charms
 11877 | Lair:6   | Reached skill level 3 in Ice Magic
 11897 | Lair:6   | Reached XP level 14. HP: 108/108 MP: 14/20
 11931 | Lair:6   | Reached skill level 4 in Charms
 11938 | Lair:6   | Reached skill level 4 in Ice Magic
 12109 | Lair:6   | Reached skill level 1 in Spellcasting
 12133 | Lair:6   | Reached skill level 2 in Spellcasting
 12138 | Lair:6   | Reached skill level 3 in Spellcasting
 12149 | Lair:6   | Learned a level 4 spell: Summon Ice Beast
 12242 | Lair:6   | Reached skill level 1 in Summonings
 12261 | Lair:6   | wow, 3 death yaks in a row with almost no hp lost
 12284 | Lair:6   | Reached skill level 13 in Unarmed Combat
 12293 | Lair:6   | Identified Zuseimeh's Compendium of Beguiling
 12421 | Lair:6   | Reached skill level 2 in Summonings
 12530 | Lair:6   | Reached skill level 3 in Summonings
 12685 | Lair:6   | Reached skill level 8 in Invocations
 13098 | Orc:1    | Entered Level 1 of the Orcish Mines
 13111 | Orc:1    | Noticed Erica
 13190 | D:10     | Killed Erica
 13385 | Orc:2    | Entered Level 2 of the Orcish Mines
 13493 | Orc:2    | Reached skill level 10 in Shields
 13493 | Orc:2    | Reached skill level 4 in Summonings
 13531 | Orc:2    | Found a staircase to the Elven Halls.
 13552 | Orc:1    | Paralysed by an orc sorcerer for 4 turns
 13771 | Orc:1    | Reached XP level 15. HP: 113/113 MP: 9/21
 13870 | Orc:2    | Reached skill level 11 in Shields
 13885 | Orc:2    | Reached skill level 9 in Dodging
 13886 | Orc:2    | phew
 13916 | Orc:2    | Found Utroeruu's Armour Shoppe.
 13917 | Orc:2    | Found Xuppei Geid's Antique Weapon Shoppe.
 13922 | Orc:2    | Found Virobbe's Antique Weapon Boutique.
 14011 | Orc:2    | Found Kecsausy's Assorted Antiques.
 14032 | Orc:2    | Paralysed by an ogre mage for 7 turns
 14068 | Orc:2    | Bought a scroll of identify for 60 gold pieces
 14068 | Orc:2    | Bought a scroll of identify for 60 gold pieces
 14068 | Orc:2    | Bought a small granite ring for 150 gold pieces
 14088 | Orc:2    | talk about useless
 14329 | Orc:2    | Noticed Donald
 14666 | D:13     | unfortunate
 14752 | D:14     | Found a gate to the Vaults.
 14752 | D:14     | Noticed Rupert
 14753 | D:14     | uh huh
 14898 | D:13     | Killed Azrael
 14903 | D:13     | Reached skill level 12 in Shields
 14906 | D:13     | hm
 15015 | D:14     | Killed Rupert
 15015 | D:14     | Reached skill level 9 in Evocations
 15016 | D:14     | ez
 15096 | D:14     | Learned a level 6 spell: Invisibility
 15130 | D:14     | Reached skill level 14 in Unarmed Combat
 15272 | D:14     | Reached skill level 3 in Hexes
 15487 | D:14     | Reached skill level 4 in Hexes
 15621 | D:15     | Entered Level 15 of the Dungeon
 15642 | D:15     | Noticed Agnes
 15649 | D:15     | Killed Agnes
 15649 | D:15     | Reached skill level 5 in Hexes
 15687 | D:15     | Reached XP level 16. HP: 69/122 MP: 23/23
 15754 | D:15     | Found a snail-covered altar of Cheibriados.
 15805 | D:15     | these are pretty strong
 15842 | D:15     | Reached skill level 6 in Hexes
 16149 | D:15     | Found a staircase to the Depths.
 16215 | D:15     | Reached skill level 7 in Hexes
 16361 | D:15     | well, what now i wonder
 16549 | Shoals:1 | Entered Level 1 of the Shoals
 16576 | Shoals:1 | this has been my grave for the past few days
 16576 | Shoals:1 | or rather, a graveyard
 16653 | Shoals:1 | Reached skill level 8 in Hexes
 16992 | Shoals:1 | oh
 16992 | Shoals:1 | ohhhhhh
 16992 | Shoals:1 | ohhhhhhhhhhhhh
 16992 | Shoals:1 | i dun goofed
 17008 | Shoals:1 | Reached skill level 9 in Hexes
 17134 | Shoals:1 | Reached skill level 5 in Stealth
 17174 | Shoals:2 | hm
 17174 | Shoals:2 | so what do i do about aquamancers
 17174 | Shoals:2 | maybe i should just go do snake
 17212 | Shoals:2 | ow?
 17212 | Shoals:2 | god
 17371 | Shoals:2 | Reached skill level 6 in Stealth
 17483 | Shoals:2 | Reached skill level 7 in Stealth
 17548 | Shoals:2 | Reached skill level 8 in Stealth
 17798 | Shoals:1 | HP: 20/122 [merfolk javelineer/javelin of penetration (20)]
 18101 | Shoals:3 | Reached skill level 11 in Fighting
 18265 | Shoals:4 | Entered Level 4 of the Shoals
 18267 | Shoals:4 | well obviously i can't deal with shoals:4 now
 18267 | Shoals:4 | so just read magic mapping, get that curing potion and get out
 18418 | Shoals:3 | Reached skill level 4 in Spellcasting
 18619 | Lair:4   | ok, snake then
 18784 | Snake:1  | Entered Level 1 of the Snake Pit
 18826 | Snake:1  | Reached skill level 10 in Dodging
 18869 | Snake:1  | oh right
 18869 | Snake:1  | i have no MR
 18869 | Snake:1  | ex dee
 18869 | Snake:1  | well
 18869 | Snake:1  | this will be fun
 18928 | Snake:1  | Reached skill level 1 in Earth Magic
 18932 | Snake:1  | Reached skill level 1 in Transmutations
 18934 | Snake:1  | Reached skill level 9 in Invocations
 18952 | Snake:1  | Noticed nht's ghost (adept TrFi)
 18980 | Snake:1  | Killed nht's ghost
 18980 | Snake:1  | Reached skill level 2 in Transmutations
 18980 | Snake:1  | Reached skill level 2 in Earth Magic
 19080 | Snake:1  | Reached XP level 17. HP: 118/128 MP: 24/24
 19200 | Snake:1  | Found Wurpheq's Gadget Shop.
 19207 | Snake:1  | Reached skill level 3 in Transmutations
 19207 | Snake:1  | Reached skill level 3 in Earth Magic
 19210 | Snake:1  | Found Gufrimiv's Gadget Shop.
 19210 | Snake:1  | Found Veclonump's Magic Scroll Boutique.
 19213 | Snake:1  | Found Yvytezubb's Food Boutique.
 19214 | Snake:1  | plz be good
 19215 | Snake:1  | ah wait, these can't be very good
 19218 | Snake:1  | Bought a scroll of magic mapping for 59 gold pieces
 19218 | Snake:1  | Bought a scroll of fog for 34 gold pieces
 19218 | Snake:1  | Bought a scroll of magic mapping for 59 gold pieces
 19218 | Snake:1  | Bought a scroll of magic mapping for 59 gold pieces
 19224 | Snake:1  | Bought a wand of clouds (1/9) for 195 gold pieces
 19224 | Snake:1  | Bought a box of beasts for 260 gold pieces
 19224 | Snake:1  | Bought a box of beasts for 260 gold pieces
 19231 | Snake:1  | Bought a scroll of recharging for 161 gold pieces
 19234 | Snake:1  | Bought a box of beasts for 280 gold pieces
 19234 | Snake:1  | Bought a box of beasts for 280 gold pieces
 19234 | Snake:1  | Bought a phantom mirror for 420 gold pieces
 19673 | Snake:2  | Found an ornate altar of the Wu Jian Council.
 19972 | Snake:2  | Reached skill level 10 in Invocations
 20333 | Snake:2  | Noticed Vashnia
 20333 | Snake:2  | curse my rotten luck
 20345 | Snake:2  | Killed Vashnia
 20352 | Snake:2  | Reached skill level 13 in Shields
 20371 | Snake:2  | HP: 20/128 [naga sharpshooter/bolt[Vashnia] (26)]
 20877 | Snake:3  | god forbid it'd be good
 21289 | Snake:3  | Reached skill level 11 in Invocations
 21320 | Snake:3  | oh these teleports will be SO FUN in snake:4
 21410 | Snake:4  | Entered Level 4 of the Snake Pit
 21473 | Snake:3  | ~50 turns of slow
 21473 | Snake:3  | oh boy
 21676 | Snake:4  | Reached XP level 18. HP: 95/136 MP: 14/26
 21925 | Snake:4  | Reached skill level 15 in Unarmed Combat
 22013 | Snake:4  | Learned a level 6 spell: Deflect Missiles
 22056 | Snake:4  | Reached skill level 14 in Shields
 22135 | Snake:4  | Reached skill level 5 in Charms
 22152 | Snake:4  | Reached skill level 1 in Air Magic
 22167 | Snake:4  | Reached skill level 2 in Air Magic
 22205 | Snake:4  | Noticed Louise
 22206 | Snake:4  | ..................................
 22260 | Snake:4  | Reached skill level 3 in Air Magic
 22520 | Snake:2  | Reached skill level 5 in Spellcasting
 22567 | Snake:1  | Bought a scroll of amnesia for 59 gold pieces
 22574 | Snake:1  | Learned a level 5 spell: Silence
 22840 | Snake:4  | Killed Louise
 22840 | Snake:4  | Reached skill level 4 in Air Magic
 23022 | Snake:4  | Upgraded the game from 0.20-a0-1126-g0f15420 to 0.20-a0-1127-g1289703
 23051 | Snake:4  | Reached skill level 6 in Charms
 23155 | Snake:4  | Reached skill level 5 in Air Magic
 23442 | Snake:4  | Reached skill level 6 in Air Magic
 23763 | Snake:4  | jesus, one invis cast and light grey contam
 23961 | Snake:4  | Reached skill level 7 in Air Magic
 24015 | Snake:4  | Reached skill level 7 in Charms
 24357 | Snake:4  | Reached skill level 8 in Charms
 24357 | Snake:4  | Reached skill level 8 in Air Magic
 24582 | Snake:4  | Reached XP level 19. HP: 137/140 MP: 27/27
 24619 | Snake:4  | Reached skill level 9 in Air Magic
 24723 | Snake:4  | Got a serpentine rune of Zot
 24729 | Snake:4  | 6k turns for a branch with chei
 24729 | Snake:4  | ex dee
 25061 | Shoals:1 | not so tough now eh
 25173 | Shoals:1 | and you're going to tell me there's nothing worthwhile here?
 25173 | Shoals:1 | wow
 25418 | Shoals:4 | Noticed Ilsuiw
 25419 | Shoals:4 | oh boy
 25439 | Shoals:4 | Killed Ilsuiw
 25700 | Shoals:4 | Identified the ring "Tovedel" {+Inv rC- rN+ Dex+4} (You found it on level 4 of the Shoals)
 25701 | Shoals:4 | great ring
 26004 | Shoals:4 | Got a barnacled rune of Zot
 26248 | Shoals:3 | Reached skill level 15 in Shields
 26745 | Vaults:1 | Entered Level 1 of the Vaults
 27032 | Snake:1  | Bought a scroll of identify for 34 gold pieces
 27032 | Snake:1  | Bought a scroll of identify for 34 gold pieces
 27032 | Snake:1  | Bought a scroll of identify for 34 gold pieces
 27032 | Snake:1  | Bought a scroll of identify for 34 gold pieces
 27474 | Vaults:1 | Reached skill level 11 in Dodging
 27493 | Vaults:1 | Reached skill level 10 in Evocations
 27749 | Vaults:1 | Found Koupaink's Weapon Shop.
 27765 | Vaults:1 | Reached skill level 6 in Spellcasting
 27770 | Vaults:1 | Paralysed by a great orb of eyes for 6 turns
 27774 | Vaults:1 | HP: 28/140 [death knight/enchanted glaive (27)]
 27775 | Vaults:1 | HP: 9/140 [centaur warrior (8)]
 27775 | Vaults:1 | Demolished by a death knight

Vault maps used:
D:1:      dpeg_arrival_more_subterranean_lakeside_camping,
          hangedman_abyss_or_decor_stabs, minivault_19
D:2:      grunt_qazlal_clouds, nicolae_ru_great_annihilating_truth,
          chequers_temple_overflow_statue_of_worship
D:3:      marbit_many_paths
D:4:      grunt_temple_overflow_opulence, eat_drink_and_be_merry_uskayaw,
          first_bread, kennysheep_generic_room_12
D:5:      chequers_ossuary_entry_cave, minmay_guarded_unrand_vampires_tooth
D:6:      black_bear_nest_2, grunt_temple_overflow_bloody_war,
          nicolae_overflow_crystal_walls, minmay_temple_entry_poolview
D:7:      cheibrodos_shockbox, grunt_livestock, fedhas_altar_1
D:8:      lemuel_doored_altar, lemuel_crystal_altar, st_stairs_3
D:9:      minivault_25, uniq_pikel
D:10:     zombieorc1_lemuel, uniq_grum, uniq_joseph
D:11:     minmay_lair_entry_lava
D:12:     kennysheep_ambush_hall, hangedman_glass_teeth, uniq_urug
D:13:     enter_trove_6, uniq_azrael
D:14:     david_vaults_3
D:15:     gammafunk_depths_entry_grave, lemuel_crystal_altar, uniq_agnes
Lair:1:   st_stairs_10, minivault_25
Lair:2:   columned_hall_lemuel
Lair:3:   portal_ice_cave_entry_pillars_1, lemuel_fruit_fields, uniq_gastronok,
          uniq_sonja
Lair:4:   statuecave_lemuel, minmay_shoals_entry_centaurs, dummy_snake_entry,
          grunt_megastairs_3
Lair:5:   minmay_slime_entry_pillars
Lair:6:   minmay_lair_end_enchanted_forest, serial_bayou_shore_b,
          grunt_megastairs_1
Shoals:1: st_sunken_temple
Shoals:2: cheibrodos_shoals_epimethial_gifts
Shoals:3: hangedman_shoal_volcano
Shoals:4: shoals_end_simple, shoal_ilsuiw
Snake:1:  lemuel_fruit_tree, minmay_shoptagon
Snake:2:  basic_altar, grunt_ministairs_2, uniq_vashnia
Snake:4:  snake_pit_salamanders_mu, uniq_louise
Orc:1:    elves_outpost_lemuel, uniq_erica
Orc:2:    st_orc_open, uniq_donald
Vaults:1: v_rooms_1, dpeg_vaults_monster_box, nicolae_vaults_bisected_exclaves,
          st_star, v_misc_8, ontoclasm_vaults_decontamination, v_misc_32,
          nicolae_vaults_little_squares_3, serial_glass, uniq_jorgrun
Ossuary:  ossuary_crypta
IceCv:    ice_cave_small_necro

Skill      XL: |  1  2  3  4  5  6  7  8  9 10 11 12 13 14 15 16 17 18 19 |
---------------+----------------------------------------------------------+-----
Unarmed Combat | 1 2 3 5 6 8 9 10 11 12 13 14 15 | 15.3
Stealth        | 3 4 8 |  8.0
Invocations    | 1 3 4 6 7 8 9 11 | 11.0
Dodging        | 2 3 4 7 8 9 10 11 | 11.4
Fighting       | 3 4 5 6 7 9 10 11 | 11.0
Shields        | 3 6 7 8 9 10 12 13 14 15 | 15.0
Evocations     | 4 5 8 9 10 | 10.5
Translocations | 2 4 |  4.6
Charms         | 3 4 8 |  8.8
Ice Magic      | 3 4 |  4.6
Spellcasting   | 3 4 5 6 |  6.0
Summonings     | 4 |  4.0
Hexes          | 5 9 |  9.0
Earth Magic    | 2 3 |  3.0
Transmutations | 2 3 |  3.0
Air Magic      | 8 9 |  9.0
Bows           | |  2.0
Necromancy     | |  3.0

Action                   |  1- 3 |  4- 6 |  7- 9 | 10-12 | 13-15 | 16-18 | 19-21 || total
-------------------------+-------+-------+-------+-------+-------+-------+-------++-------
Melee: Unarmed           |    38 |   122 |   138 |   521 |   933 |  1111 |   378 ||  3241
       Constrict         |    11 |    34 |    28 |    88 |   135 |   131 |    60 ||   487
       Tentacles         |     9 |    22 |    53 |   221 |   383 |   492 |   171 ||  1351
       Punch             |     1 |     6 |    11 |    91 |   209 |   290 |    79 ||   687
 Fire: Shortbow          |    29 |    54 |    89 |    21 |       |       |       ||   193
       Hand crossbow     |       |       |       |    18 |    24 |   137 |    13 ||   192
       Blowgun           |       |       |       |       |     5 |       |       ||     5
Throw: Javelin           |       |       |       |       |     4 |       |     7 ||    11
 Cast: Apportation       |       |       |       |     1 |    11 |    78 |    34 ||   124
       Lesser Beckoning  |       |       |       |     1 |     8 |   108 |    19 ||   136
       Passwall          |       |       |       |       |    12 |     6 |     2 ||    20
       Ozocubu's Armour  |       |       |       |       |    23 |   100 |    34 ||   157
       Summon Ice Beast  |       |       |       |       |     5 |     8 |       ||    13
       Invisibility      |       |       |       |       |       |    11 |     8 ||    19
       Silence           |       |       |       |       |       |    14 |    10 ||    24
       Deflect Missiles  |       |       |       |       |       |     3 |     1 ||     4
Invok: Bend Time         |       |     3 |     8 |     8 |     7 |    15 |     1 ||    42
       Slouch            |       |       |       |       |    12 |     8 |     1 ||    21
       Temporal Distorti |       |       |       |       |       |     2 |       ||     2
Evoke: Wand              |       |       |     2 |    15 |    11 |    28 |     2 ||    58
       Box of beasts     |       |       |       |       |     1 |     2 |       ||     3
       Lightning rod     |       |       |       |       |       |     4 |       ||     4
       Lamp of fire      |       |       |       |       |       |     2 |       ||     2
  Use: Potion            |       |     1 |     2 |     8 |     4 |     4 |       ||    19
       Scroll            |       |     4 |    17 |     8 |    12 |    18 |     5 ||    64
 Stab: Sleeping          |     3 |     4 |     6 |    13 |    15 |     7 |     4 ||    52
       Paralysed         |     1 |       |       |    15 |     4 |    13 |     2 ||    35
       Distracted        |       |       |     1 |     1 |     2 |     4 |     2 ||    10
       Invisible         |       |       |       |       |       |    13 |    24 ||    37
  Eat: Chunk             |     1 |     4 |     4 |    13 |    19 |     9 |     9 ||    59
       Royal jelly       |       |       |       |       |       |     7 |     5 ||    12
       Fruit             |       |       |       |       |       |    11 |       ||    11
Armor: Skin              |     3 |    26 |     9 |    38 |    55 |    69 |    17 ||   217
Dodge: Dodged            |    16 |    72 |    74 |   211 |   348 |   404 |   154 ||  1279
       Deflected         |       |       |       |       |       |    11 |     6 ||    17
Block: Shield            |       |       |       |   272 |   662 |  1013 |   375 ||  2322
       Reflection        |       |       |       |    16 |    13 |   178 |    27 ||   234
